 Dungeon Sprint DCSS version 0.14-a0-519-g334afa2 (webtiles) character file.

1000000 HungrySpirit the Unseen (level 11, -28/60 HPs)
             Began as a Spriggan Assassin on Nov 2, 2013.
             Was an Initiate of Makhleb.
             Annihilated by a meat berserker
             ... wielding a +9,+9 battleaxe
              (75 damage)
             ... in the Dungeon (Sprint VIII: "Arena of Blood").
             The game lasted 00:00:37 (10 turns).

HungrySpirit the Unseen (Spriggan Assassin)           Turns: 10, Time: 00:00:38

HP -28/60        AC  3     Str  7      XL: 11   Next: 37%
MP  20/20        EV 36     Int 13      God: Makhleb [......]
Gold 0           SH  0     Dex 21      Spells:  0 memorised, 10 levels left

Res.Fire  : . . .   See Invis. : +   n - +∞ Axe of Woe
Res.Cold  : . . .   Warding    : .   c - +0 robe
Life Prot.: . . .   Conserve   : .   (shield restricted)
Res.Poison: .       Res.Corr.  : .   (helmet restricted)
Res.Elec. : .       Clarity    : .   d - +0 cloak
Sust.Abil.: . .     Spirit.Shd : .   (gloves unavailable)
Res.Mut.  : .       Prev.Telep.: +   (boots unavailable)
Res.Rott. : .       Flight     : .   (no amulet)
Saprovore : . . .                    (no ring)
                                     (no ring)

@: very quick, quite resistant to hostile enchantments, incredibly stealthy
A: unfitting armour, see invisible, herbivore 3, speed 3, slow metabolism 2
a: Renounce Religion


You were in the Dungeon.
You worshipped Makhleb.
Makhleb was noncommittal.
You were not hungry.

You visited 1 branch

Inventory:

Hand weapons
 a - a +2,+2 dagger
 b - a +0 blowgun
 n - the +∞,+∞ Axe of Woe (weapon)
   (You found it in the Dungeon)
Missiles
 e - 8 poisoned needles
 f - 2 curare-tipped needles
Armour
 c - a +0 robe (worn)
 d - a +0 cloak (worn)
Scrolls
 m - a scroll of blinking
Potions
 g - a potion of porridge
 h - a potion of curing
 i - a potion of heal wounds
 j - a potion of speed
 k - 2 potions of magic
 l - a potion of berserk rage


   Skills:
 + Level 12.1 Fighting
 - Level 2.1 Short Blades
 + Level 12.0 Axes
 - Level 2.1 Throwing
 + Level 18.7 Dodging
 + Level 20.6 Stealth


You had 10 spell levels left.
You didn't know any spells.

Dungeon Overview and Level Annotations

Branches:
Dungeon (1/1)

Altars:
Makhleb


Innate Abilities, Weirdness & Mutations

You are tiny and cannot use many weapons and most armour.
You have supernaturally acute eyesight.
You are a herbivore.
You cover ground extremely quickly.
You need consume almost no food.


Message History

Your experience leads to an increase in your attributes!
Increase (S)trength, (I)ntelligence, or (D)exterity?
You feel agile.
You have reached level 7!
You have reached level 8!
You have reached level 9!
Your experience leads to an increase in your attributes!
Increase (S)trength, (I)ntelligence, or (D)exterity?
You feel agile.
You have reached level 10!
You feel agile.
You have reached level 11!
The meat berserker appears out of thin air!
A meat berserker comes into view. It is wielding a +9,+9 battleaxe.
You hear a shout!
The meat berserker rages.
You hear a shout!
The meat berserker hits you with a +9,+9 battleaxe!
Ouch! That really hurt!
You die...

.. ... #.. ..# #..
..# . .###..
..###o.
.......###........
........_.........
.....#.....#......
. #_.O._# ...
#..@..# .
.......)_........
......###......
.###.. o.###.. #..
.O# #.. ..# .. ...
. . .


You could see 2 meat berserkers and a bag of meat.

Vanquished Creatures
  An ogre (D)
1 creature vanquished.

Notes
Turn   | Place    | Note
--------------------------------------------------------------
     0 | D        | HungrySpirit, the Spriggan Assassin, began the quest for the Orb.
     0 | D        | Reached XP level 1. HP: 10/10 MP: 1/1
     3 | D        | Noticed a bag of meat
     4 | D        | Became a worshipper of Makhleb the Destroyer
     7 | D        | Noticed a bag of meat
     9 | D        | Noticed a bag of meat
     9 | D        | Noticed a meat berserker
     9 | D        | Noticed a meat berserker
    10 | D        | Killed a meat berserker
    10 | D        | Reached skill level 12 in Fighting
    10 | D        | Reached skill level 18 in Dodging
    10 | D        | Reached skill level 20 in Stealth
    10 | D        | Reached XP level 2. HP: 14/16 MP: 3/3
    10 | D        | Reached XP level 3. HP: 18/21 MP: 5/5
    10 | D        | Reached XP level 4. HP: 22/26 MP: 7/7
    10 | D        | Reached XP level 5. HP: 25/30 MP: 9/9
    10 | D        | Reached XP level 6. HP: 30/36 MP: 11/11
    10 | D        | Reached XP level 7. HP: 33/40 MP: 13/13
    10 | D        | Reached XP level 8. HP: 37/46 MP: 15/15
    10 | D        | Reached XP level 9. HP: 40/50 MP: 17/17
    10 | D        | Reached XP level 10. HP: 44/56 MP: 18/18
    10 | D        | Reached XP level 11. HP: 47/60 MP: 20/20
    10 | D        | Annihilated by a meat berserker

Action                   |  1- 3 |  4- 6 |  7- 9 | 10-12 || total
-------------------------+-------+-------+-------+-------++-------
Melee: Broad axe         |     1 |       |       |       ||     1
